[Event "December 19 Late 2023"]
[Site "https://www.chess.com"]
[Date "2023.12.19"]
[Round "2"]
[White "Fieberg, Samuel"]
[Black "Porat, Tori"]
[Result "1-0"]
[Board "156"]
[TimeControl "180+1"]
[WhiteFideId "12901717"]
[BlackFideId "30982626"]
[WhiteElo "2480"]
[BlackElo "1693"]
[WhiteTeam "GER"]
[BlackTeam "USA"]
[WhiteClock "0:01:34"]
[BlackClock "0:00:20"]

1. Nf3 d5 2. g3 c5 3. Bg2 Nc6 4. d4 Nf6 5. O-O e6 6. c4 Be7 7. cxd5 exd5 8. dxc5 Bxc5 9. b3 O-O 10. Bb2 Be6 11. Nc3 d4 12. Na4 Bb4 13. Nxd4 Nxd4 14. Qxd4 Qxd4 15. Bxd4 Bd5 16. Bxf6 Bxg2 17. Kxg2 gxf6 18. Rac1 Rac8 19. Rfd1 Kg7 20. Rxc8 Rxc8 21. Rd7 b5 22. Nb2 Ba3 23. Nd3 Rc2 24. Rxa7 b4 25. Kf3 h6 26. h4 Rc6 27. Rb7 Rc2 28. Nxb4 Bxb4 29. Rxb4 Rxa2 30. Rb8 Rb2 31. h5 Rb1 32. e4 Rc1 33. g4 Rc3+ 34. Kg2 Rc2 35. Kg3 Rc3+ 36. f3 Rc2 37. b4 Rb2 38. b5 Rb3 39. Kf4 Kh7 40. b6 Kg7 41. b7 Kh7 42. e5 fxe5+ 43. Kxe5 Kg7 44. f4 Rb5+ 45. Kd6 Rb6+ 46. Kc7 Rb1 47. Rc8 Rc1+ 48. Kd6 Rd1+ 49. Ke5 Rb1 50. b8=Q Rxb8 51. Rxb8 f6+ 52. Kf5 Kh7 53. Rb7+ Kg8 54. Kxf6 Kh8 55. Kg6 1-0

[Event "December 19 Late 2023"]
[Site "https://www.chess.com"]
[Date "2023.12.19"]
[Round "2"]
[White "Clarke, Matthew"]
[Black "Bazilius, Augustinas"]
[Result "0-1"]
[Board "157"]
[TimeControl "180+1"]
[WhiteFideId "3227804"]
[BlackFideId "12832251"]
[WhiteElo "2026"]
[BlackElo "2082"]
[WhiteTeam "AUS"]
[BlackTeam "LTU"]
[WhiteClock "0:00:03"]
[BlackClock "0:00:05"]

1. d4 Nf6 2. c4 c5 3. d5 b5 4. cxb5 a6 5. bxa6 g6 6. Nc3 Bg7 7. e4 O-O 8. Nf3 Qa5 9. Bd2 Bxa6 10. Bxa6 Qxa6 11. Qe2 Qxe2+ 12. Kxe2 d6 13. Rhb1 Na6 14. Ne1 Rfb8 15. Nc2 Nb4 16. Ne3 e6 17. a3 Na6 18. b4 exd5 19. exd5 cxb4 20. axb4 Nc7 21. Rxa8 Rxa8 22. b5 Kf8 23. b6 Na6 24. Nc4 Ke7 25. Na5 Kd7 26. b7 Re8+ 27. Kd1 Kc7 28. Nb5+ Kd7 29. Nc3 Kc7 30. Nc6 Nxd5 31. Nxd5+ Kxc6 32. Rb6+ Kxd5 33. Rxa6 Rb8 34. Rb6 Bd4 35. Rb3 Bc5 36. Be3 Kc6 37. Bxc5 dxc5 38. Rh3 h5 39. Rf3 Rxb7 40. Rf6+ Kd5 41. Kc2 Ke5 42. Rc6 Kd5 43. Rf6 Ra7 44. Kb2 Kc4 45. Rf3 Re7 46. h4 Kd5 47. Kc3 Kd6 48. Kc4 Re4+ 49. Kc3 Ke6 50. g3 Ra4 51. Re3+ Kf6 52. Rf3+ Kg7 53. Kb3 Re4 54. Kc3 f5 55. Kb3 Kf6 56. Kc3 Ke5 57. Rd3 Rd4 58. Rf3 Ra4 59. Kb3 Re4 60. Kc3 Re2 61. Kd3 Ra2 62. Re3+ Kd5 63. Re8 Rxf2 64. Ke3 Rc2 65. Rg8 Rc3+ 66. Kf4 Rc4+ 67. Kf3 Rg4 68. Rd8+ Kc4 69. Rd6 Kc3 70. Rc6 c4 71. Rc8 Kc2 72. Rc5 c3 73. Rc8 Kb2 74. Rc7 c2 75. Rb7+ Kc1 76. Rc7 Kb2 77. Rb7+ Kc3 0-1

[Event "December 19 Late 2023"]
[Site "https://www.chess.com"]
[Date "2023.12.19"]
[Round "2"]
[White "Gasparyan, David"]
[Black "Onslow, Alfie"]
[Result "1-0"]
[Board "158"]
[TimeControl "180+1"]
[WhiteFideId "13311980"]
[BlackFideId "436976"]
[WhiteElo "2477"]
[BlackElo "2114"]
[WhiteTeam "USA"]
[BlackTeam "ENG"]
[WhiteClock "0:00:15"]
[BlackClock "0:00:06"]

1. Nf3 Nf6 2. d4 c5 3. g3 cxd4 4. Nxd4 Nc6 5. Bg2 e5 6. Nb3 d5 7. O-O Be6 8. Bg5 Be7 9. Nc3 d4 10. Bxf6 Bxf6 11. Ne4 Bd5 12. Nxf6+ gxf6 13. e4 Bc4 14. Re1 Qe7 15. Bh3 Be6 16. Qh5 Bxh3 17. Qxh3 Qe6 18. Qh5 b6 19. a4 Nb4 20. Qe2 Qc6 21. Rec1 Rc8 22. c3 d3 23. Qf3 Nc2 24. Rab1 Qd6 25. Rd1 Rd8 26. Rbc1 Ke7 27. Kg2 Qe6 28. Na1 Nxa1 29. Rxa1 Qc4 30. a5 b5 31. Rd2 Rd6 32. Qe3 Rd7 33. Rad1 Rhd8 34. Qh6 Qxe4+ 35. f3 Qa4 36. Qxh7 Qxa5 37. Rxd3 Rxd3 38. Rxd3 Qa1 39. Rxd8 Qxb2+ 40. Kh3 Kxd8 41. Qxf7 Qxc3 42. Qxf6+ Kc7 43. Qe7+ Kb6 44. Qd8+ Ka6 45. Qd6+ Ka5 46. Qe7 b4 47. Qxa7+ Kb5 48. Qb7+ Kc4 49. Qf7+ Kd3 50. Qf5+ Kd2 51. Qd7+ Kc1 52. Qb5 b3 53. Qf1+ Kb2 54. Qe2+ Ka3 55. Qa6+ Kb2 56. Qe2+ Kb1 57. Qd1+ Qc1 58. Qxb3+ Qb2 59. Qxb2+ Kxb2 60. Kg4 Kc3 61. Kf5 Kd4 62. h4 Kd5 63. h5 1-0

[Event "December 19 Late 2023"]
[Site "https://www.chess.com"]
[Date "2023.12.19"]
[Round "2"]
[White "Seletsky, Grigory"]
[Black "Palmer, Reegan"]
[Result "1-0"]
[Board "159"]
[TimeControl "180+1"]
[WhiteFideId "14112191"]
[BlackFideId "14322145"]
[WhiteElo "2482"]
[BlackElo "1814"]
[WhiteTeam "UKR"]
[BlackTeam "RSA"]
[WhiteClock "0:01:51"]
[BlackClock "0:00:06"]

1. e4 e6 2. d3 d5 3. Qe2 c5 4. f4 Nf6 5. Nf3 Nc6 6. e5 Nd7 7. c4 d4 8. Nbd2 Be7 9. g3 O-O 10. Bg2 f6 11. exf6 Nxf6 12. O-O Bd6 13. Ne4 Nxe4 14. Qxe4 e5 15. Ng5 Bf5 16. Qd5+ Kh8 17. Nf7+ Rxf7 18. Qxf7 Bxd3 19. Re1 Qa5 20. Kf2 Rf8 21. Qxb7 exf4 22. g4 f3 23. Bf1 Ne5 24. Rxe5 Bxe5 25. Bxd3 Bf6 26. Qe4 Bh4+ 27. Kf1 g6 28. Bh6 Qc7 29. Bxf8 Qxh2 30. Qxf3 Bg5 31. Bxc5 Qxb2 32. Qf8# 1-0

[Event "December 19 Late 2023"]
[Site "https://www.chess.com"]
[Date "2023.12.19"]
[Round "2"]
[White "Guevara Sanchez, Erick Marvin"]
[Black "Yashmetov, Mikhail"]
[Result "0-1"]
[Board "160"]
[TimeControl "180+1"]
[WhiteFideId "6700136"]
[BlackFideId "24198900"]
[WhiteElo "2040"]
[BlackElo "2220"]
[WhiteTeam "ESA"]
[BlackTeam "RUS"]
[WhiteClock "0:00:00"]
[BlackClock "0:00:19"]

1. e4 c6 2. d4 d5 3. e5 Bf5 4. h4 h6 5. g4 Be4 6. f3 Bh7 7. e6 Qd6 8. exf7+ Kxf7 9. f4 Nf6 10. g5 hxg5 11. hxg5 Bxc2 12. Qf3 Be4 13. Rxh8 Bxf3 14. Nxf3 Nbd7 15. gxf6 exf6 16. Nc3 Re8+ 17. Be2 Qe6 18. Bd2 b5 19. Rh2 Bd6 20. O-O-O b4 21. Nb1 c5 22. dxc5 Rc8 23. b3 Nxc5 24. Kb2 Qe4 25. Rc1 Bxf4 26. Bxf4 Qxf4 27. Rh4 Nd3+ 28. Bxd3 Qxc1+ 29. Ka1 Re8 30. Rxb4 Re3 31. Rb7+ Kf8 32. Rb8+ Ke7 33. Rb7+ Kd6 34. Nd4 Rxd3 35. Nf5+ Ke5 0-1

[Event "December 19 Late 2023"]
[Site "https://www.chess.com"]
[Date "2023.12.19"]
[Round "2"]
[White "Travadon, Loic"]
[Black "mightysmasher"]
[Result "0-1"]
[Board "161"]
[TimeControl "180+1"]
[WhiteFideId "26092131"]
[WhiteElo "2406"]
[BlackElo "2474"]
[WhiteTeam "FRA"]
[WhiteClock "0:01:06"]
[BlackClock "0:01:28"]

1. e4 e6 2. b3 d5 3. Bb2 c5 4. e5 Nc6 5. f4 Be7 6. Qg4 Kf8 7. Nf3 Nh6 8. Qh5 Nf5 9. g4 Nh4 10. Nxh4 Bxh4+ 11. Kd1 Be7 12. Bb5 a6 13. Bxc6 bxc6 14. c3 d4 15. cxd4 cxd4 16. d3 Qd5 17. Rf1 Qg2 18. Nd2 Bb4 19. Bc1 Bxd2 20. Bxd2 Qxf1+ 21. Kc2 Qxa1 22. Bb4+ Kg8 23. Qh4 Qxa2+ 24. Kc1 Bd7 25. Qe7 Qxb3 0-1

[Event "December 19 Late 2023"]
[Site "https://www.chess.com"]
[Date "2023.12.19"]
[Round "2"]
[White "Argandona Riveiro, Inigo"]
[Black "Sokolov, Andrei"]
[Result "0-1"]
[Board "162"]
[TimeControl "180+1"]
[WhiteFideId "2212072"]
[BlackFideId "11600306"]
[WhiteElo "2391"]
[BlackElo "2473"]
[WhiteTeam "ESP"]
[BlackTeam "LAT"]
[WhiteClock "0:00:32"]
[BlackClock "0:00:19"]

1. Nf3 d5 2. c4 dxc4 3. e4 Bg4 4. Bxc4 Nc6 5. Bxf7+ Kxf7 6. Ng5+ Ke8 7. Qxg4 Qd6 8. O-O Nf6 9. Qe6 Qxe6 10. Nxe6 Kd7 11. Nxf8+ Rhxf8 12. Nc3 e5 13. b3 Ke6 14. f3 Nd4 15. Ba3 Rfd8 16. Bc5 Nc2 17. Rad1 b6 18. Bf2 Nb4 19. d4 exd4 20. Rxd4 c5 21. Rdd1 Nd3 22. Bh4 Rd7 23. Bxf6 gxf6 24. Nd5 Nb4 25. Nxb4 cxb4 26. Rxd7 Kxd7 27. Rd1+ Ke6 28. Rd4 a5 29. Kf2 Rc8 30. Rc4 Rxc4 31. bxc4 a4 32. c5 bxc5 33. Ke2 b3 34. axb3 a3 0-1

[Event "December 19 Late 2023"]
[Site "https://www.chess.com"]
[Date "2023.12.19"]
[Round "2"]
[White "Rose, Felix"]
[Black "Thorhallsson, Simon"]
[Result "1-0"]
[Board "163"]
[TimeControl "180+1"]
[WhiteFideId "5105722"]
[BlackFideId "2310090"]
[WhiteElo "2039"]
[BlackElo "2123"]
[WhiteTeam "MEX"]
[BlackTeam "ISL"]
[WhiteClock "0:00:20"]
[BlackClock "0:00:02"]

1. e4 c5 2. Nf3 d6 3. d4 cxd4 4. Nxd4 Nf6 5. Nc3 a6 6. Be3 e5 7. Nb3 Be7 8. f3 O-O 9. Qd2 Be6 10. O-O-O a5 11. a4 Nc6 12. g4 Nb4 13. g5 Nh5 14. Kb1 Rc8 15. Bb5 Qc7 16. h4 Rfd8 17. Qf2 d5 18. Bb6 Qb8 19. Bxd8 Rxd8 20. exd5 Nxd5 21. Nxd5 Bxd5 22. c4 Be6 23. Qb6 Bf5+ 24. Ka2 Bc2 25. Rd7 Rxd7 26. Bxd7 Bd8 27. Qb5 Qd6 28. Bg4 g6 29. Bxh5 gxh5 30. Re1 Bc7 31. Nc5 Qd2 32. Ra1 b6 33. Ne4 Qd3 34. Nf6+ Kg7 35. Ne8+ Kf8 36. Nxc7 Qxf3 37. Qxb6 Qd3 38. Qc5+ Kg7 39. Qxe5+ Kg8 40. Qe8+ Kg7 41. Qe5+ Kg8 42. Qc3 Qf5 43. Re1 Bxa4 44. Ne8 Bxe8 45. Rxe8# 1-0

[Event "December 19 Late 2023"]
[Site "https://www.chess.com"]
[Date "2023.12.19"]
[Round "2"]
[White "Bellissimo, Joseph F."]
[Black "Guzman Lozano, Campo Elias"]
[Result "1-0"]
[Board "164"]
[TimeControl "180+1"]
[WhiteFideId "2609843"]
[BlackFideId "4403746"]
[WhiteElo "2103"]
[BlackElo "2099"]
[WhiteTeam "CAN"]
[BlackTeam "COL"]
[WhiteClock "0:02:21"]
[BlackClock "0:01:58"]

1. e4 c5 2. Nf3 Nc6 3. c3 Nf6 4. e5 Nd5 5. d4 cxd4 6. cxd4 d6 7. Bc4 e6 8. O-O Nb6 9. Bd3 Be7 10. Qe2 O-O 11. Rd1 d5 12. Nc3 Bd7 13. Bf4 Rc8 14. Rac1 Na5 15. Bg3 Nac4 16. h4 h6 17. h5 f5 18. exf6 Bxf6 19. Bb1 Nd6 20. Bxd6 Rf7 21. Qd3 g5 22. hxg6 Rg7 23. Bf4 Bg5 24. Nxg5 hxg5 25. Be5 1-0

[Event "December 19 Late 2023"]
[Site "https://www.chess.com"]
[Date "2023.12.19"]
[Round "2"]
[White "Van Roon, Sjoerd"]
[Black "Feliz Dotel, Dewar Bienvenido"]
[Result "1/2-1/2"]
[Board "165"]
[TimeControl "180+1"]
[WhiteFideId "1051075"]
[BlackFideId "6402801"]
[WhiteElo "2180"]
[BlackElo "2069"]
[WhiteTeam "NED"]
[BlackTeam "DOM"]
[WhiteClock "0:01:26"]
[BlackClock "0:00:11"]

1. e4 c6 2. d4 d5 3. e5 Bf5 4. Nf3 e6 5. Be2 c5 6. Be3 Nc6 7. dxc5 Qa5+ 8. c3 Qc7 9. Bd4 Bg4 10. O-O Bxf3 11. Bxf3 Nxe5 12. Bxe5 Qxe5 13. Qa4+ Kd8 14. Qa5+ Qc7 15. Qxc7+ Kxc7 16. b4 Nf6 17. Na3 a6 18. Nc2 Be7 19. Rfe1 Rhc8 20. Rad1 a5 21. a3 axb4 22. axb4 b6 23. Ne3 bxc5 24. Nxd5+ Nxd5 25. Bxd5 Ra3 26. Rc1 Kd8 27. Be4 cxb4 28. Red1+ Ke8 29. cxb4 Rxc1 30. Rxc1 Bxb4 31. h3 g6 32. Rc8+ Ke7 33. Rh8 h5 34. Kh2 Ra2 35. f3 Bd6+ 36. Kg1 Bc5+ 37. Kh2 Bf2 38. Rb8 h4 39. Rb7+ Kf6 40. Kh1 Ra1+ 41. Rb1 Rxb1+ 42. Bxb1 Ke5 43. Ba2 Kf4 44. Bc4 Kf5 45. Bd3+ Kf6 46. Bb5 e5 47. Bc4 Ke7 48. Bd5 f5 49. Kh2 Kd6 50. Bf7 g5 51. Bg6 Ke6 52. Bh7 Kf6 53. Kh1 Ke6 54. Kh2 Kf6 55. Kh1 Be3 56. Kh2 Ke6 57. Kh1 Bf2 58. Kh2 1/2-1/2

[Event "December 19 Late 2023"]
[Site "https://www.chess.com"]
[Date "2023.12.19"]
[Round "2"]
[White "Harrington, Steve"]
[Black "Mazurkiewicz, Michal"]
[Result "0-1"]
[Board "166"]
[TimeControl "180+1"]
[WhiteFideId "2038730"]
[BlackFideId "1124943"]
[WhiteElo "2160"]
[BlackElo "2103"]
[WhiteTeam "USA"]
[BlackTeam "POL"]
[WhiteClock "0:00:18"]
[BlackClock "0:00:09"]

1. e4 d6 2. d3 g6 3. Be2 Bg7 4. f4 c5 5. Nf3 Nc6 6. c3 e6 7. O-O Nge7 8. Qc2 O-O 9. a4 a6 10. Be3 Rb8 11. Nbd2 b5 12. axb5 axb5 13. Kh1 b4 14. d4 bxc3 15. bxc3 cxd4 16. cxd4 d5 17. Ne5 Nxe5 18. fxe5 Bb7 19. Bf3 dxe4 20. Bxe4 Nd5 21. Bg1 Qd7 22. Ra7 Rfc8 23. Qd3 Nb4 24. Qf3 Rc7 25. Bxb7 Rcxb7 26. Rxb7 Qxb7 27. Ne4 Nd5 28. h4 Qe7 29. Qh3 h6 30. h5 g5 31. Qf3 Rf8 32. Bh2 Qb4 33. Nf6+ Bxf6 34. exf6 Qxd4 35. Rd1 Qxf6 36. Qe2 Nf4 37. Qf3 Qf5 38. Rf1 Nxh5 39. Qd1 Qg6 40. Be5 Ng7 41. Bb2 Qh5+ 42. Kg1 Qxd1 43. Rxd1 Nf5 44. Rd7 Kh7 45. Kf2 Kg6 46. Kf3 Rb8 47. Ba1 Rb3+ 48. Ke2 Ra3 49. Be5 Ra2+ 50. Kf3 Ra3+ 51. Ke2 Re3+ 0-1

[Event "December 19 Late 2023"]
[Site "https://www.chess.com"]
[Date "2023.12.19"]
[Round "2"]
[White "Gutierrez Olivares, Daniel"]
[Black "Wieczorek, Zbigniew"]
[Result "1-0"]
[Board "167"]
[TimeControl "180+1"]
[WhiteFideId "2264005"]
[BlackFideId "1102001"]
[WhiteElo "2317"]
[BlackElo "2158"]
[WhiteTeam "ESP"]
[BlackTeam "POL"]
[WhiteClock "0:00:12"]
[BlackClock "0:00:04"]

1. Nf3 d5 2. c4 c6 3. e3 Nf6 4. b3 e6 5. Bb2 Be7 6. Be2 O-O 7. g4 Nbd7 8. Qc2 Re8 9. g5 Ne4 10. h4 Bf8 11. d3 Qa5+ 12. Kf1 Nd6 13. Nbd2 e5 14. a3 e4 15. Nh2 exd3 16. Bxd3 dxc4 17. Bxh7+ Kh8 18. h5 Ne5 19. b4 Qd5 20. Ne4 Qd3+ 21. Qxd3 Nxd3 22. Nxd6 Bxd6 23. Bxd3 cxd3 24. h6 Be5 25. hxg7+ Kxg7 26. Bxe5+ Rxe5 27. Nf3 Rd5 28. e4 Rd8 29. Rh4 Be6 30. Kg2 Bb3 31. Nd2 Bc2 32. Rg1 a5 33. Rgh1 axb4 34. axb4 Rh8 35. f4 Rxh4 36. Rxh4 Ra4 37. Kf3 Rxb4 38. Ke3 c5 39. f5 c4 40. e5 c3 41. f6+ Kg6 42. Rxb4 cxd2 43. Kxd2 Kxg5 44. Rxb7 Kf5 45. Re7 Kg6 46. Ke3 Bb1 47. Rd7 Bc2 48. Kf4 Bb1 49. Rd8 Kh7 50. e6 fxe6 51. f7 d2 52. f8=Q d1=Q 53. Rxd1 1-0

[Event "December 19 Late 2023"]
[Site "https://www.chess.com"]
[Date "2023.12.19"]
[Round "2"]
[White "Hartikainen, Jarmo"]
[Black "Dubessay, Bastien"]
[Result "0-1"]
[Board "168"]
[TimeControl "180+1"]
[WhiteFideId "503134"]
[BlackFideId "650048"]
[WhiteElo "2153"]
[BlackElo "2279"]
[WhiteTeam "FIN"]
[BlackTeam "FRA"]
[WhiteClock "0:00:00"]
[BlackClock "0:00:21"]

1. e4 e6 2. d4 d5 3. Nd2 Nf6 4. e5 Nfd7 5. Bd3 c5 6. c3 b5 7. Bxb5 Qb6 8. Bxd7+ Nxd7 9. Ne2 cxd4 10. cxd4 f6 11. f4 Be7 12. Nf3 O-O 13. O-O Ba6 14. Rf2 Rac8 15. Qb3 Qd8 16. Be3 Bc4 17. Qd1 Qb6 18. b3 Ba6 19. Rc1 Rxc1 20. Qxc1 Rc8 21. Qb2 Qb4 22. a3 Qxa3 23. Qxa3 Bxa3 24. Ng3 f5 25. Ra2 Bc1 26. Bxc1 Rxc1+ 27. Kf2 Rc6 28. Ne1 Nb8 29. Rc2 Rxc2+ 30. Nxc2 Kf7 31. Ne2 Ke7 32. Nc3 Nc6 33. b4 Bd3 34. b5 Na5 35. Nb4 Bc4 36. Ke3 Kd7 37. h3 Kc7 38. g4 g6 39. gxf5 gxf5 40. Na4 Bxb5 41. Nc5 Bd7 42. Nba6+ Kd8 43. Nxd7 Kxd7 44. Nc5+ Ke7 45. Kd3 Nc4 46. Kc3 a5 47. Kb3 h5 48. Ka4 h4 49. Nb3 Ne3 50. Nxa5 Ng2 51. Kb5 Nxf4 52. Kc6 Nxh3 0-1

[Event "December 19 Late 2023"]
[Site "https://www.chess.com"]
[Date "2023.12.19"]
[Round "2"]
[White "Kovacsy, Barnabas"]
[Black "Quirke, Jeffrey"]
[Result "1-0"]
[Board "169"]
[TimeControl "180+1"]
[WhiteFideId "769290"]
[BlackFideId "2013029"]
[WhiteElo "2130"]
[BlackElo "2151"]
[WhiteTeam "HUN"]
[BlackTeam "USA"]
[WhiteClock "0:01:45"]
[BlackClock "0:00:09"]

1. e4 e6 2. d4 d5 3. Nc3 Nf6 4. e5 Nfd7 5. f4 c5 6. Nf3 Nc6 7. Be3 Rb8 8. Qd2 Qa5 9. Be2 b5 10. O-O b4 11. Nd1 Ba6 12. Nf2 Bxe2 13. Qxe2 Be7 14. g4 O-O 15. f5 cxd4 16. Nxd4 Ncxe5 17. fxe6 fxe6 18. Nxe6 Nf3+ 19. Kg2 Nde5 20. Nd4 Nh4+ 21. Kh1 Bd6 22. Nd3 Nc4 23. Bg5 Rbe8 24. Rxf8+ Bxf8 25. Qxe8 Qb6 26. Qe6+ Qxe6 27. Nxe6 Nf3 28. Rf1 1-0

[Event "December 19 Late 2023"]
[Site "https://www.chess.com"]
[Date "2023.12.19"]
[Round "2"]
[White "Jesusesmifuerza"]
[Black "Liu, Casper"]
[Result "0-1"]
[Board "170"]
[TimeControl "180+1"]
[BlackFideId "1454153"]
[WhiteElo "2150"]
[BlackElo "2221"]
[BlackTeam "DEN"]
[WhiteClock "0:00:15"]
[BlackClock "0:00:39"]

1. e4 c6 2. d4 d5 3. exd5 cxd5 4. Nc3 g6 5. Bf4 Bg7 6. Nf3 Nf6 7. Nb5 Na6 8. h3 O-O 9. Bd3 Nb4 10. c3 Nxd3+ 11. Qxd3 Bf5 12. Qd2 Ne4 13. Qe2 a6 14. Na3 Qa5 15. Nc2 Nxc3 16. bxc3 Qxc3+ 17. Qd2 Qxc2 18. Qxc2 Bxc2 19. O-O Rfc8 20. Rfc1 b5 21. Be5 b4 22. Bxg7 Kxg7 23. Ne5 a5 24. Nd7 Be4 25. Nc5 Bf5 26. a3 Rab8 27. axb4 axb4 28. Ra2 b3 29. Rb2 Bc2 30. Nxb3 Bxb3 31. Rxc8 Rxc8 32. Rxb3 Rc1+ 33. Kh2 Rd1 34. Rb4 Kf6 35. Kg3 Kf5 36. f3 g5 37. Rb7 Kf6 38. Rb4 h5 39. h4 e6 40. Ra4 Kf5 41. hxg5 Kxg5 42. Ra7 f6 43. Rg7+ Kf5 44. Rh7 Rxd4 45. Rxh5+ Kg6 46. Rh8 Rd2 47. Rd8 e5 48. Rd6 Kg5 49. Rd7 f5 50. Re7 e4 51. f4+ Kf6 52. Re8 d4 53. Rd8 d3 54. Re8 Re2 55. Rd8 d2 56. Kh2 e3 57. Kg3 Re1 58. Rd6+ Ke7 0-1

[Event "December 19 Late 2023"]
[Site "https://www.chess.com"]
[Date "2023.12.19"]
[Round "2"]
[White "Sivakumar, Shaashwath"]
[Black "Vargas Rodriguez, Wilver"]
[Result "1-0"]
[Board "171"]
[TimeControl "180+1"]
[WhiteFideId "30912156"]
[BlackFideId "3509672"]
[WhiteElo "2137"]
[BlackElo "2210"]
[WhiteTeam "USA"]
[BlackTeam "CUB"]
[WhiteClock "0:00:34"]
[BlackClock "0:00:00"]

1. d4 Nf6 2. c4 e6 3. g3 d5 4. Nf3 Nc6 5. Bg2 dxc4 6. Qa4 Bb4+ 7. Bd2 Bd6 8. Qxc4 O-O 9. O-O Rb8 10. Nc3 Nb4 11. a3 Nbd5 12. Rfd1 a6 13. Rac1 b5 14. Qd3 Nxc3 15. Rxc3 Bb7 16. Bg5 h6 17. Bxf6 Qxf6 18. e4 e5 19. d5 g6 20. Rdc1 Qe7 21. Qe3 Kg7 22. Nd2 f5 23. Nb3 f4 24. Qa7 Qf7 25. Na5 fxg3 26. hxg3 Ra8 27. Qxb7 Qxf2+ 28. Kh2 h5 29. Rxc7+ Bxc7 30. Rxc7+ Kh6 31. Rh7+ Kg5 32. Qe7+ Qf6 33. Qd7 Rh8 34. Qh3 1-0

[Event "December 19 Late 2023"]
[Site "https://www.chess.com"]
[Date "2023.12.19"]
[Round "2"]
[White "Sroczynski, Maciej"]
[Black "Kniazev, Igor"]
[Result "1-0"]
[Board "172"]
[TimeControl "180+1"]
[WhiteFideId "1121472"]
[BlackFideId "4136349"]
[WhiteElo "2266"]
[BlackElo "1853"]
[WhiteTeam "POL"]
[BlackTeam "RUS"]
[WhiteClock "0:01:29"]
[BlackClock "0:01:12"]

1. d4 Nf6 2. Nc3 e6 3. e4 c5 4. d5 exd5 5. exd5 d6 6. Be2 Be7 7. Nf3 O-O 8. O-O a6 9. a4 b6 10. h3 Bf5 11. Bf4 Ne4 12. Nxe4 Bxe4 13. c4 Bf6 14. Qd2 Re8 15. Rfe1 Ra7 16. Ng5 Bg6 17. Bf1 Rae7 18. Re3 Bd4 19. Rxe7 Rxe7 20. Nf3 Be5 21. Nxe5 dxe5 22. Be3 Qd6 23. a5 b5 24. cxb5 axb5 25. Bxb5 Be4 26. Bc4 f5 27. f3 f4 28. Bf2 Bf5 29. a6 Ra7 30. Qa5 e4 31. Bxc5 Qc7 32. d6+ Kh8 33. dxc7 1-0

[Event "December 19 Late 2023"]
[Site "https://www.chess.com"]
[Date "2023.12.19"]
[Round "2"]
[White "Clarke, Adani"]
[Black "Rengifo Blancas, Renzo Jhonathan"]
[Result "1-0"]
[Board "173"]
[TimeControl "180+1"]
[WhiteFideId "7402082"]
[BlackFideId "3807185"]
[WhiteElo "1691"]
[BlackElo "2040"]
[WhiteTeam "JAM"]
[BlackTeam "PER"]
[WhiteClock "0:01:09"]
[BlackClock "0:00:00"]

1. d4 c6 2. c4 d5 3. Nc3 Nf6 4. Bg5 Ne4 5. Bf4 Qa5 6. Qc2 Bf5 7. Qb3 dxc4 8. Qxc4 e6 9. Bxb8 Bb4 10. Be5 Nxc3 11. bxc3 Bxc3+ 12. Kd1 Bxa1 13. f3 f6 14. e4 Rd8 15. Bd3 fxe5 16. exf5 O-O 17. fxe6 Rxd4 18. e7+ Rd5 19. exf8=Q+ Kxf8 20. Ne2 b5 21. Qc2 Bd4 22. Qxc6 1-0

[Event "December 19 Late 2023"]
[Site "https://www.chess.com"]
[Date "2023.12.19"]
[Round "2"]
[White "Grindaveci"]
[Black "Bhandari, Krish"]
[Result "1/2-1/2"]
[Board "174"]
[TimeControl "180+1"]
[BlackFideId "30955106"]
[WhiteElo "2446"]
[BlackElo "1959"]
[BlackTeam "USA"]
[WhiteClock "0:00:04"]
[BlackClock "0:00:19"]

1. e4 e5 2. Nf3 Nc6 3. Bb5 d6 4. O-O Bd7 5. c4 Nf6 6. Nc3 Be7 7. d4 exd4 8. Nxd4 O-O 9. Bxc6 bxc6 10. Qf3 Ng4 11. Bf4 Bf6 12. Rad1 Rb8 13. Nxc6 Nxh2 14. Bxh2 Bxc6 15. Rd2 Bxc3 16. Qxc3 Bxe4 17. Rd4 Bg6 18. c5 d5 19. c6 Rb6 20. Rfd1 Qa8 21. Rxd5 Rxc6 22. Rc5 Rxc5 23. Qxc5 Qb7 24. Bxc7 Qxb2 25. Re1 h5 26. Qxa7 Qc3 27. Re3 Qa1+ 28. Kh2 Qf6 29. Re1 h4 30. a4 Qc3 31. Re3 Qc6 32. a5 f5 33. Qb6 Qd7 34. Bf4 Bf7 35. a6 Bd5 36. a7 Ba8 37. Rc3 Qd5 38. f3 Kh7 39. Rc7 Rf7 40. Rxf7 Qxf7 41. Qb8 Qb7 42. Qe5 Qd5 43. Qe7 Kg6 44. Qxh4 Kf7 45. Qg5 Kg8 46. Qd8+ Kf7 47. Qxd5+ Bxd5 48. Kg3 Ba8 49. Kf2 Kf6 50. Ke3 g5 51. Bd6 g4 52. fxg4 Bxg2 53. gxf5 Kxf5 54. Bb8 Ke6 55. Kd4 Kd7 56. Kc5 Kc8 57. Kb6 Ba8 58. Bg3 Bb7 59. Bh4 Ba8 60. Bg3 Bb7 61. Bc7 Ba8 62. Bb8 Bb7 63. Bf4 Ba8 64. Ka6 Bb7+ 65. Kb6 Ba8 66. Be5 Bb7 67. a8=Q+ Bxa8 1/2-1/2

[Event "December 19 Late 2023"]
[Site "https://www.chess.com"]
[Date "2023.12.19"]
[Round "2"]
[White "Sailer, Mike"]
[Black "Melikhov, Evgeny V."]
[Result "0-1"]
[Board "175"]
[TimeControl "180+1"]
[WhiteFideId "2012901"]
[BlackFideId "4122046"]
[WhiteElo "2109"]
[BlackElo "2165"]
[WhiteTeam "USA"]
[BlackTeam "GRE"]
[WhiteClock "0:00:04"]
[BlackClock "0:00:04"]

1. d4 Nf6 2. Nc3 d5 3. Bf4 c5 4. e3 cxd4 5. exd4 a6 6. Bd3 Nc6 7. a3 Bg4 8. Qd2 e6 9. h3 Bh5 10. g4 Bg6 11. Nf3 Ne4 12. Bxe4 dxe4 13. Ne5 Qxd4 14. Nxg6 Qxd2+ 15. Bxd2 hxg6 16. Nxe4 Be7 17. O-O-O O-O-O 18. Bg5 f6 19. Rxd8+ Rxd8 20. Be3 g5 21. h4 gxh4 22. Rxh4 f5 23. Ng5 Ne5 24. gxf5 exf5 25. Rh7 Bf6 26. Ne6 Rg8 27. Bg5 Bxg5+ 28. Nxg5 Kd7 29. Kd2 Ke7 30. b3 Kf6 31. Nh3 Nf7 32. Rh4 g5 33. Rc4 f4 34. Rc7 Nd6 35. Ke2 b5 36. Rc6 Ke5 37. Rxa6 g4 38. Ng1 Nf5 39. Rb6 Nd4+ 40. Kd3 Rd8 41. c3 Nf3+ 42. Kc2 Nxg1 43. Rxb5+ Ke4 44. Rb4+ Kf3 45. a4 g3 46. fxg3 fxg3 47. a5 Ne2 48. Rb7 g2 49. Rg7 Ng3 50. Rf7+ Ke3 51. Re7+ Kf3 52. Rf7+ Ke3 53. Re7+ Ne4 54. Rg7 Rd2+ 55. Kc1 Rf2 56. a6 Rf1+ 57. Kb2 g1=Q 58. Rxg1 Rxg1 59. b4 Kd3 60. b5 Nxc3 61. b6 Rb1+ 62. Ka3 Rxb6 63. a7 Ra6+ 0-1

[Event "December 19 Late 2023"]
[Site "https://www.chess.com"]
[Date "2023.12.19"]
[Round "2"]
[White "Kazmaier, Daniel"]
[Black "Novikova, Margarita"]
[Result "1-0"]
[Board "176"]
[TimeControl "180+1"]
[WhiteFideId "2606089"]
[BlackFideId "14109689"]
[WhiteElo "2445"]
[BlackElo "2090"]
[WhiteTeam "CAN"]
[BlackTeam "GER"]
[WhiteClock "0:00:54"]
[BlackClock "0:00:00"]

1. d4 g6 2. Nc3 Bg7 3. Bf4 d6 4. Qd2 a6 5. Nf3 Nf6 6. Bh6 Bxh6 7. Qxh6 Bg4 8. Ng5 Rg8 9. f3 Bd7 10. Nxh7 Nxh7 11. Qxh7 Rf8 12. e3 e6 13. h4 Qf6 14. Ne4 Qf5 15. Bd3 Qa5+ 16. c3 Ke7 17. h5 g5 18. Qg7 Nc6 19. Nxg5 Be8 20. h6 Qb6 21. O-O-O Nb4 22. cxb4 c5 23. Nh7 Ba4 24. Qf6+ Kd7 25. Nxf8+ Rxf8 26. dxc5 Qxb4 27. Qc3 Qxc3+ 28. bxc3 1-0